 Dungeon Crawl Stone Soup version 0.19.4-10-g532645f (webtiles) character file.

324900 galech the Tortoise (level 21, -70/146 HPs)
             Began as a Gargoyle Fighter on Feb 23, 2017.
             Was the Champion of Makhleb.
             Annihilated by a titanic slime creature (90 damage)
             ... on level 6 of the Lair of Beasts on Feb 24, 2017.
             The game lasted 02:11:33 (38282 turns).

galech the Tortoise (Gargoyle Fighter)             Turns: 38282, Time: 02:11:33

Health: -70/146    AC: 32    Str: 31    XL:     21   Next: 61%
Magic:  0/30       EV:  8    Int: 11    God:    Makhleb [******]
Gold:   2878       SH: 30    Dex: 11    Spells: 0 memorised, 20 levels left

rFire  . . .     SeeInvis .     x - +9 morningstar (protect)
rCold  + + +     Gourm    .     s - +9 plate armour {rC+}
rNeg   + + +     Faith    .     z - +6 large shield "Wabrafop" {Dex+4 Stlth+}
rPois  ∞         Spirit   +     F - +2 hat {MR+}
rElec  +         Reflect  .     D - +2 cloak of Ytsim {+Inv MP+9 Str+6 Dex-2}
rCorr  .         Harm     .     t - +0 pair of gloves
MR     ++...     Clarity  +     Q - +1 pair of boots {Stlth+}
Stlth  .......... Rnd*Tele +    m - amulet of guardian spirit
                                I - +5 ring of slaying
                                j - ring "Odawolac" {rElec rPois rC+ rN++ Str-3}

@: corroded, protection aura, flying, studying 2 skills
A: big wings, claws 1, blurry vision 1, clarity, cold resistance 2, deformed
body, negative energy resistance 1, electricity resistance, teleportitis 1,
unbreathing, evolution 1, petrification resistance, rot immunity, MP-powered
wands, AC +15
a: Stop Flying, Minor Destruction, Lesser Servant of Makhleb, Major Destruction,
Greater Servant of Makhleb, Renounce Religion, Evoke Invisibility
}: 2/15 runes: serpentine, barnacled


You were on level 6 of the Lair of Beasts.
You worshipped Makhleb.
Makhleb was exalted by your worship.
You were very hungry.

You visited 8 branches of the dungeon, and saw 36 of its levels.
You visited the Abyss 3 times.
You also visited: Ossuary.

You collected 4562 gold pieces.
You spent 1684 gold pieces at shops.

Inventory:

Hand Weapons
 x - a +9 morningstar of protection (weapon)
Armour
 d - the +2 large shield of the Lion {Dex+4 SInv}
   (You found it on level 5 of the Lair of Beasts)

   It affects your dexterity (+4).
   It lets you see invisible.
 s - a +9 plate armour of cold resistance (worn)
 t - a +0 pair of gloves (worn)
 z - the +6 large shield "Wabrafop" (worn) {Dex+4 Stlth+}
   (You found it on level 1 of the Snake Pit)

   It affects your dexterity (+4).
   It makes you more stealthy.
 D - the +2 cloak of Ytsim (worn) {+Inv MP+9 Str+6 Dex-2}
   (You bought it in a shop on level 2 of the Orcish Mines)

   It affects your strength (+6).
   It affects your dexterity (-2).
   It affects your magic capacity (+9).
   It lets you turn invisible.
 F - a +2 hat of magic resistance (worn)
 L - a +2 helmet of intelligence
 Q - a +1 pair of boots of stealth (worn)
 U - the +1 plate armour of Heesynto {-Cast rElec rPois Regen+}
   (You found it on level 3 of the Abyss)

   It insulates you from electricity.
   It protects you from poison.
   It prevents spellcasting.
   It increases your rate of regeneration.
Jewellery
 j - the ring "Odawolac" (left hand) {rElec rPois rC+ rN++ Str-3}
   (You took it off a centaur warrior on level 14 of the Dungeon)

   [ring of protection from cold]

   It affects your strength (-3).
   It protects you from cold.
   It insulates you from electricity.
   It protects you from poison.
   It greatly protects you from negative energy.
 m - an amulet of guardian spirit (around neck)
 n - an uncursed amulet of harm {unknown}
 I - a +5 ring of slaying (right hand)
 P - an uncursed ring of resist corrosion {unknown}
Wands
 h - a wand of digging (1/24)
 p - a wand of paralysis (16/24)
 S - a wand of heal wounds (6/9)
Scrolls
 a - 3 scrolls of brand weapon
 c - 2 scrolls of identify
 e - 2 scrolls of remove curse
 g - 3 scrolls of fear
 k - 2 scrolls of holy word
 q - 3 scrolls of enchant weapon
 r - 6 scrolls of amnesia
 v - 7 scrolls of recharging
 y - 6 scrolls of fog
 A - 5 scrolls of teleportation
 J - 2 scrolls of silence
 M - 2 scrolls of summoning
 N - 3 scrolls of blinking
 R - 3 scrolls of magic mapping
 Y - a scroll of enchant armour
Potions
 b - 6 potions of cancellation
 i - 6 potions of brilliance
 l - 4 potions of magic
 o - 2 potions of beneficial mutation
 B - 6 potions of might
 C - 4 potions of berserk rage
 G - 2 potions of agility
 H - 7 potions of curing
 K - 3 potions of haste
 O - 3 potions of resistance
 W - a potion of cure mutation
Books
 E - a manual of Translocations
 T - a book of Beasts

   Spells                             Type                      Level
   a - Summon Butterflies             Summoning                    1
   b - Call Canine Familiar           Summoning                    3
   c - Summon Ice Beast               Ice/Summoning                4
   d - Summon Mana Viper              Hexes/Summoning              5
   e - Summon Hydra                   Summoning                    7
 X - a manual of Summonings
Comestibles
 f - 7 bread rations
 w - 15 meat rations
 Z - a beef jerky


   Skills:
 + Level 20.0 Fighting
 + Level 19.9 Maces & Flails
 + Level 20.1 Armour
 - Level 1.1 Dodging
 + Level 20.0 Shields


You had 20 spell levels left.
You didn't know any spells.

Dungeon Overview and Level Annotations

Branches:
Dungeon (15/15)            Temple (1/1) D:5            Lair (6/6) D:8
 Shoals (4/4) Lair:2        Snake (4/4) Lair:4        Slime (1/5) Lair:6
    Orc (2/2) D:9             Elf (3/3) Orc:2        Vaults (0/5) D:13
 Depths (0/5) D:15

Altars:
Ashenzari
Cheibriados
Dithmenos
Elyvilon
Fedhas
Gozag
Hepliaklqana
Makhleb
Nemelex Xobeh
Okawaru
Qazlal
Sif Muna
Uskayaw
Vehumet
Yredelemnul
Zin
Beogh
Jiyva

Shops:
D:6 *   D:10 *   Orc:2 [!}!   Elf:2 (   Shoals:2 %   Shoals:4 }   Snake:2 }(::}

Annotations:
D:14 3 runed doors


Innate Abilities, Weirdness & Mutations

You are resistant to torment.
Your stone body is resilient. (AC +15)
You are immune to poison.
Your large and strong wings let you fly indefinitely.
You resist negative energy. (rN+)
You are resistant to electric shocks. (rElec)
You can survive without breathing.
You are immune to petrification.
You are immune to rotting.
You have sharp fingernails.
Scrolls take you a little longer to read.
You possess an exceptional clarity of mind.
Your flesh is very cold resistant. (rC++)
Armour fits poorly on your strangely shaped body.
You are occasionally teleported next to monsters.
You evolve.
You expend magic power (3 MP) to strengthen your wands.


Message History

The slime creature hits you but does no damage.
The large slime creature hits you!!
* * * LOW HITPOINT WARNING * * *
You feel much better.
You block the slime creature's attack. x3
The slime creature hits you!
The slime creature hits you but does no damage.
The titanic slime creature hits you!!!
* * * LOW HITPOINT WARNING * * *
You block the slime creature's attack.
The large slime creature barely misses you.
You bludgeon the slime creature!!
You kill the slime creature!
Makhleb accepts your kill.
The slime creature hits you but does no damage.
You block the slime creature's attack.
The slime creature hits you but does no damage.
You block the slime creature's attack. x2
The titanic slime creature hits you!!!!
Ouch! That really hurt!
You die...

.###########......P# ####...#P...
.##.P..#.###P....P## #..#........
.#.......P###.[.### ###..........
.#.....##.###...## #.#..........
÷#....######...#.#####...........
......#...##....##.P.##..........
#.#....#..##.......P.#...........
......#...###..JJJ...##.#.....|..
.#....#.### #..J@J.....##........
.#......### #..J.J...####........
.#####....###.........# ##....#..
.#...#.....#.........## ####.#.#
##..#......##.......## ##..#
##...#.....##.....### ##.#
P###.#....####....# ##.#
.#.....†..# ##...### #...
.........## #.....## #...


You could see a titanic slime creature, a large slime creature and 5 slime
creatures.

Vanquished Creatures
  Bai Suzhen (Snake:4)
  Vashnia (Snake:3)
  Nikola (Snake:4)
  Rupert (D:13)
  A quicksilver dragon (shapeshifter) (D:15)
  4 deep elf master archers (Elf:3)
  5 deep elf blademasters
  A tentacled starspawn (Abyss:3)
  An acid blob (Lair:6)
  3 krakens
  Gastronok (Lair:3)
  The ghost of cotteux the Warrior, an adept MiBe of Trog (Snake:4)
  A tengu reaver (D:14)
  Kirke (Shoals:1)
  Ilsuiw (Shoals:4)
  A daeva (Abyss:3)
  A shadow dragon (D:14)
  9 nagarajas
  Roxanne (D:14)
  Donald (Snake:3)
  A fire giant (D:14)
  7 deep elf sorcerers (Elf:3)
  2 orc warlords (Orc:1)
  Louise (Snake:3)
  4 deep elf elementalists
  A stone giant (Orc:2)
  3 deep elf demonologists
  A deep elf annihilator (Elf:3)
  6 deep elf death magi
  8 merfolk javelineers
  12 merfolk impalers
  Josephine (D:15)
  4 deep elf high priests
  A rakshasa (D:15)
  Fannar (D:11)
  A fire dragon (Lair:6)
  8 vault guards (D:13)
  Harold (Lair:1)
  6 hydras
  7 merfolk avatars
  A catoblepas (Lair:6)
  27 naga warriors
  A death knight (D:14)
  7 anacondas
  27 dancing weapons
  5 centaur warriors
  2 merfolk aquamancers (Shoals:4)
  An ogre mage (D:15)
  5 satyrs
  3 death yaks (Lair:6)
  A hell hog (Abyss:3)
  2 small abominations
  An orc high priest (Elf:1)
  10 naga sharpshooters
  A tengu warrior (D:14)
  A thrashing horror (Abyss:3)
  Sonja (Lair:1)
  8 shock serpents
  Nergalle (Lair:3)
  14 deep elf knights
  8 skeletal warriors (D:15)
  2 wretched stars (Abyss:3)
  3 salamander mystics
  22 sea snakes
  A sea snake (shapeshifter) (D:15)
  A shadow demon (Abyss:3)
  3 unseen horrors
  A kraken simulacrum (Shoals:4)
  9 deep elf archers
  5 naga ritualists
  9 hill giants
  A phantasmal warrior (D:14)
  Pikel (D:7)
  2 orc knights
  24 harpies
  16 fauns
  2 ugly things
  15 manticores
  37 deep elf magi
  4 mana vipers
  10 salamanders
  10 cyclopes
  3 orc sorcerers
  2 worldbinders (Abyss:3)
  7 sirens
  39 black mambas
  A salamander (shapeshifter) (Elf:1)
  7 elephants
  A black mamba (shapeshifter) (Elf:1)
  10 guardian serpents
  A centaur zombie (D:13)
  11 naga magi
  An ice statue (D:12)
  7 water nymphs
  11 spiny frogs
  2 hellions (Abyss:3)
  2 rime drakes (Lair:6)
  4 gargoyles
  An efreet (D:14)
  A kobold demonologist (D:15)
  5 centaur skeletons
  A yaktaur (Shoals:2)
  11 komodo dragons
  A tengu conjurer (D:14)
  8 trolls
  A wind drake (shapeshifter) (Abyss:3)
  7 two-headed ogres
  The ghost of Agrougrou the Shield-Bearer, an amateur FoFi of Okawaru (D:5)
  A hornet (D:12)
  26 merfolk
  8 wind drakes
  11 snapping turtles
  24 blink frogs
  15 hippogriffs
  5 raiju (Abyss:3)
  14 dream sheep
  16 slime creatures
  The ghost of galech the Skirmisher, an amateur GrFi (D:4)
  6 flying skulls (Abyss:3)
  A spriggan (D:11)
  A spriggan (shapeshifter) (D:15)
  3 shadows
  12 water elementals
  2 air elementals (Elf:3)
  6 wraiths
  2 wyverns
  5 basilisks
  3 fire elementals
  A fire bat (shapeshifter) (D:15)
  41 yaks
  A golden eye (Abyss:3)
  A steam dragon (Lair:6)
  A hungry ghost (D:14)
  A neqoxec (Abyss:3)
  4 mottled dragons
  2 wargs
  57 nagas
  3 large abominations (Abyss:3)
  13 water moccasins
  14 porcupines
  2 swamp drakes (Lair:6)
  2 black bears
  3 ice beasts
  5 phantoms
  49 orc warriors
  2 slaves (D:7)
  The ghost of raph the Skirmisher, an amateur MiAK of Lugonu (D:3)
  2 sky beasts
  8 necrophages
  15 wolves
  16 ogres
  5 boggarts (D:15)
  22 centaurs
  14 crocodiles
  4 big kobolds
  An elf zombie (D:6)
  3 earth elementals (Elf:1)
  19 bullfrogs
  An elf skeleton (D:6)
  2 scorpions
  A water moccasin skeleton (D:5)
  23 killer bees
  3 wights (D:14)
  4 howler monkeys
  3 electric eels (D:14)
  8 crimson imps
  7 starcursed masses (Abyss:2)
  6 bullfrog skeletons
  8 hounds
  24 orc priests
  An iron imp (Abyss:3)
  A jelly (D:8)
  34 orc wizards
  Jessica (D:3)
  A human skeleton (D:6)
  10 iguanas
  15 worker ants
  A hound zombie (D:6)
  A mummy (Ossuary)
  A worker ant zombie (D:8)
  5 gnolls
  15 adders
  3 shadow imps
  An ufetubus (Abyss:3)
  2 adder skeletons
  2 worms (D:3)
  A dart slug (D:1)
  5 leopard geckos
  112 orcs
  A ball python (D:2)
  8 bats
  10 giant cockroaches
  8 goblins
  10 hobgoblins
  10 jackals
  31 kobolds
  6 quokkas
  4 frilled lizards
  8 gnoll skeletons (Ossuary)
  A jackal skeleton (D:8)
  5 kobold skeletons (Ossuary)
  14 orc skeletons
  An orc zombie (D:6)
  A quokka skeleton (D:9)
  5 rats
  A starspawn tentacle (Abyss:3)
  8 tentacles
1472 creatures vanquished.

Vanquished Creatures (others)
  A naga warrior (Snake:4)
  4 deep elf knights
  2 naga magi
  2 nagas (Snake:4)
  An electric eel (D:14)
  An orc (D:7)
  A kobold (D:11)
  A bush (Shoals:2)
  9 fungi
  14 plants
  2 starspawn tentacles (Abyss:3)
  22 tentacles
60 creatures vanquished.

Grand Total: 1532 creatures vanquished

Notes
Turn   | Place    | Note
-------+----------+-------------------------------------------
     0 | D:1      | galech the Gargoyle Fighter began the quest for the Orb.
     0 | D:1      | Reached XP level 1. HP: 14/14 MP: 1/1
   229 | D:1      | Reached XP level 2. HP: 19/19 MP: 2/2
   673 | D:2      | Reached XP level 3. HP: 7/23 MP: 1/3
   959 | D:2      | Reached skill level 1 in Dodging
  1038 | D:2      | Reached XP level 4. HP: 28/28 MP: 4/4
  1423 | D:3      | Noticed raph's ghost (amateur MiAK)
  1807 | D:3      | Reached XP level 5. HP: 33/33 MP: 5/5
  2208 | D:3      | Found a hazy altar of Hepliaklqana.
  2347 | D:3      | Noticed Jessica
  2684 | D:4      | Got a blackened long sword
  2685 | D:4      | Identified the cursed +0 long sword of Beyond {slice, rElec rF+} (You found it on level 4 of the Dungeon)
  2754 | D:4      | Reached XP level 6. HP: 12/38 MP: 4/6
  3115 | D:4      | Reached skill level 5 in Armour
  3230 | D:4      | Noticed a phantom
  3279 | D:4      | Killed a phantom
  3279 | D:4      | Reached skill level 5 in Shields
  3279 | D:4      | Reached XP level 7. HP: 42/44 MP: 7/7
  3452 | D:4      | Reached skill level 5 in Fighting
  3581 | D:4      | Found a stormy altar of Qazlal.
  3581 | D:4      | Found a faded altar of an unknown god.
  3582 | D:4      | Noticed galech's ghost (amateur GrFi)
  3601 | D:4      | Killed galech's ghost
  3610 | D:4      | Found a faded altar of an unknown god.
  3612 | D:4      | Found a faded altar of an unknown god.
  3614 | D:4      | Found a shadowy altar of Dithmenos.
  3940 | D:3      | Killed Jessica
  4258 | D:3      | Killed raph's ghost
  4258 | D:3      | Reached XP level 8. HP: 21/50 MP: 2/8
  4362 | D:5      | Entered Level 5 of the Dungeon
  4365 | D:5      | Found a stormy altar of Qazlal.
  4384 | D:5      | Got a fine chain mail
  4395 | D:5      | Identified the +4 chain mail "Jaoqa" {rPois} (You found it on level 5 of the Dungeon)
  4456 | D:5      | You fall through a shaft!
  4505 | D:6      | Found Ydwiyri's General Store.
  4511 | D:6      | Bought a +0 morningstar of protection for 95 gold pieces
  4579 | D:6      | Reached skill level 5 in Maces & Flails
  4649 | D:6      | Found a sand-covered staircase.
  4740 | Ossuary  | Entered an ossuary
  4740 | Ossuary  | Noticed a wraith
  4740 | Ossuary  | Noticed a wraith
  4740 | Ossuary  | Noticed a wraith
  4816 | Ossuary  | Noticed a wraith
  4863 | Ossuary  | Killed a wraith
  5248 | D:5      | Found a staircase to the Ecumenical Temple.
  5282 | D:5      | Reached XP level 9. HP: 56/56 MP: 9/9
  5582 | Temple   | Entered the Ecumenical Temple
  5609 | Temple   | Became a worshipper of Makhleb the Destroyer
  5899 | D:5      | Noticed Agrougrou's ghost (amateur FoFi)
  5940 | D:5      | Killed Agrougrou's ghost
  6088 | D:6      | Found a glowing silver altar of Zin.
  6088 | D:6      | Found an iron altar of Okawaru.
  6421 | D:6      | Found an opulent altar of Gozag.
  6746 | D:7      | Noticed Pikel
  6807 | D:7      | Killed Pikel
  6807 | D:7      | Reached XP level 10. HP: 64/64 MP: 10/10
  6828 | D:7      | Reached * piety under Makhleb
  8151 | D:8      | Reached ** piety under Makhleb
  8371 | D:8      | Found a staircase to the Lair.
  8959 | D:9      | Found a radiant altar of Vehumet.
  8961 | D:9      | Identified a scroll of acquirement
  9108 | D:9      | Found a staircase to the Orcish Mines.
  9606 | D:10     | Entered Level 10 of the Dungeon
  9650 | D:10     | Reached *** piety under Makhleb
  9704 | D:10     | Reached XP level 11. HP: 71/71 MP: 11/11
  9779 | D:10     | Reached skill level 10 in Armour
  9851 | D:10     | Found Losid Kiunk's General Store.
  9888 | D:10     | Bought a scroll of magic mapping for 52 gold pieces
  9888 | D:10     | Bought a potion of mutation for 37 gold pieces
  9888 | D:10     | Gained mutation: Your flesh is cold resistant. (rC+) [potion of mutation]
  9888 | D:10     | Gained mutation: You are frail. (-10% HP) [potion of mutation]
  9888 | D:10     | Gained mutation: You have a pair of small antennae on your head. [potion of mutation]
  9889 | D:10     | Gained mutation: Your body sometimes deteriorates upon taking damage. [potion of mutation]
  9889 | D:10     | Gained mutation: You are agile. (Dex +2) [potion of mutation]
  9889 | D:10     | Gained mutation: You are occasionally teleported next to monsters. [potion of mutation]
  9890 | D:10     | Gained mutation: Your mind is acute. (Int +2) [potion of mutation]
  9890 | D:10     | Gained mutation: Your flesh is very cold resistant. (rC++) [potion of mutation]
 10077 | D:10     | Killed an unseen horror
 10077 | D:10     | Reached skill level 10 in Shields
 10084 | D:10     | Noticed a deep elf mage
 10094 | D:10     | Killed a deep elf mage
 10233 | D:11     | Noticed a manticore
 10250 | D:11     | Killed a manticore
 10404 | D:11     | Reached **** piety under Makhleb
 10555 | D:11     | Noticed Fannar
 10646 | D:11     | Killed Fannar
 10646 | D:11     | Reached skill level 10 in Fighting
 10646 | D:11     | Reached skill level 10 in Maces & Flails
 10730 | D:11     | Noticed a hill giant
 10741 | D:11     | Killed a hill giant
 10785 | D:11     | Got a crude flail
 10786 | D:11     | Identified the cursed +0 flail "Qaezeceun" {crush, Dex+5} (You found it on level 11 of the Dungeon)
 11167 | D:12     | Noticed a hill giant
 11177 | D:12     | Noticed a cyclops
 11401 | D:12     | Reached XP level 12. HP: 70/70 MP: 12/12
 11424 | D:12     | Reached ***** piety under Makhleb
 12000 | Lair:1   | Entered Level 1 of the Lair of Beasts
 12104 | Lair:1   | Noticed Harold
 12121 | Lair:1   | Killed Harold
 12353 | Lair:1   | Noticed Sonja
 12537 | Lair:1   | Killed Sonja
 12909 | Lair:2   | Found a staircase to the Shoals.
 13198 | Lair:2   | Noticed an eight-headed hydra
 13210 | Lair:2   | Killed an eight-headed hydra
 13388 | Lair:2   | Reached XP level 13. HP: 76/76 MP: 13/13
 14142 | Orc:1    | Entered Level 1 of the Orcish Mines
 14401 | Orc:1    | Found a roughly hewn altar of Beogh.
 14616 | Orc:2    | Entered Level 2 of the Orcish Mines
 14691 | Orc:2    | Found a staircase to the Elven Halls.
 15078 | Orc:2    | Reached ****** piety under Makhleb
 15247 | Orc:2    | Noticed a stone giant
 15265 | Orc:2    | Killed a stone giant
 15352 | Orc:2    | Noticed an orc warlord
 15384 | Orc:2    | Found a roughly hewn altar of Beogh.
 15534 | Orc:1    | Killed an orc warlord
 15635 | Orc:1    | Noticed an orc warlord
 15703 | Orc:1    | Killed an orc warlord
 16332 | Orc:2    | Found Ycvys's Distillery.
 16332 | Orc:2    | Found Fagiaczu's Gadget Shoppe.
 16334 | Orc:2    | Found Zexaug's Distillery.
 16336 | Orc:2    | Found Xozxuamp's Armour Boutique.
 16340 | Orc:2    | Bought a potion of beneficial mutation for 385 gold pieces
 16343 | Orc:2    | Bought a potion of mutation for 37 gold pieces
 16343 | Orc:2    | Bought a potion of beneficial mutation for 525 gold pieces
 16343 | Orc:2    | Bought a potion of mutation for 37 gold pieces
 16343 | Orc:2    | Bought a potion of mutation for 37 gold pieces
 16350 | Orc:2    | Gained mutation: Your magical capacity is low. (-10% MP) [potion of mutation]
 16350 | Orc:2    | Gained mutation: You have sharp fingernails. [potion of mutation]
 16350 | Orc:2    | Lost mutation: You are frail. (-10% HP) [potion of mutation]
 16351 | Orc:2    | Gained mutation: You are weak. (Str -2) [potion of mutation]
 16351 | Orc:2    | Gained mutation: You expend magic power (3 MP) to strengthen your wands. [potion of mutation]
 16351 | Orc:2    | Lost mutation: You have a pair of small antennae on your head. [potion of mutation]
 16352 | Orc:2    | Gained mutation: You are very agile. (Dex +4) [potion of mutation]
 17104 | Orc:2    | Bought the +2 cloak of Ytsim {+Inv MP+9 Str+6 Dex-2} for 479 gold pieces
 17306 | Lair:3   | Noticed Nergalle
 17317 | Lair:3   | Killed Nergalle
 17529 | Lair:3   | Noticed Gastronok
 17547 | Lair:3   | Killed Gastronok
 17547 | Lair:3   | Gained mutation: Your large and strong wings let you fly indefinitely. [Gargoyle growth]
 17547 | Lair:3   | Reached XP level 14. HP: 62/92 MP: 11/12
 18537 | Lair:4   | Found a staircase to the Snake Pit.
 18577 | Snake:1  | Entered Level 1 of the Snake Pit
 19172 | Snake:1  | Got a twisted large shield
 19183 | Snake:1  | Identified the +6 large shield "Wabrafop" {Dex+4 Stlth+} (You found it on level 1 of the Snake Pit)
 19739 | Snake:2  | Found Uzus Ut Gyst's Book Shoppe.
 19739 | Snake:2  | Found Renex's Gadget Emporium.
 19754 | Snake:2  | Reached skill level 15 in Maces & Flails
 19908 | Snake:2  | Reached XP level 15. HP: 100/100 MP: 13/13
 20136 | Snake:2  | Found Plog's Weapon Shoppe.
 20202 | Snake:2  | Found Ywoargh's Book Shop.
 20227 | Snake:2  | Found Wiab's Gadget Emporium.
 20371 | Snake:3  | Noticed Donald
 20436 | Snake:3  | Killed Donald
 20648 | Snake:3  | Reached skill level 15 in Armour
 20655 | Snake:3  | Lost mutation: You are very agile. (Dex +4) [mutagenic meat]
 20658 | Snake:3  | Lost mutation: Your body sometimes deteriorates upon taking damage. [mutagenic meat]
 20679 | Snake:3  | Noticed a nagaraja
 20741 | Snake:3  | Noticed Vashnia
 20827 | Snake:3  | Reached skill level 15 in Shields
 20843 | Snake:3  | Killed Vashnia
 20864 | Snake:3  | Noticed Louise
 20887 | Snake:3  | Killed Louise
 21017 | Snake:3  | Reached skill level 15 in Fighting
 21083 | Snake:3  | Killed a nagaraja
 21284 | Snake:3  | Reached XP level 16. HP: 108/108 MP: 14/14
 21287 | Snake:4  | Entered Level 4 of the Snake Pit
 21296 | Snake:4  | Noticed a nagaraja
 21308 | Snake:4  | Killed a nagaraja
 21414 | Snake:4  | Noticed Bai Suzhen
 21455 | Snake:4  | Killed Bai Suzhen
 21546 | Snake:4  | Lost mutation: You are agile. (Dex +2) [mutagenic meat]
 21548 | Snake:4  | Gained mutation: You have sharp toenails. [mutagenic meat]
 21549 | Snake:4  | Gained mutation: Armour fits poorly on your strangely shaped body. [mutagenic meat]
 21575 | Snake:4  | Noticed Nikola
 21603 | Snake:4  | Killed Nikola
 21607 | Snake:4  | Noticed a nagaraja
 21620 | Snake:4  | Killed a nagaraja
 21621 | Snake:4  | Noticed cotteux's ghost (adept MiBe)
 21648 | Snake:4  | Killed cotteux's ghost
 21664 | Snake:4  | Noticed a nagaraja
 21673 | Snake:4  | Killed a nagaraja
 22089 | Snake:4  | Noticed a nagaraja
 22090 | Snake:4  | Noticed a nagaraja
 22091 | Snake:4  | Noticed a nagaraja
 22132 | Snake:4  | Noticed a nagaraja
 22134 | Snake:4  | Killed a nagaraja
 22149 | Snake:4  | Noticed a nagaraja
 22166 | Snake:4  | Killed a nagaraja
 22184 | Snake:4  | Killed a nagaraja
 22184 | Snake:4  | Reached XP level 17. HP: 115/115 MP: 15/15
 22310 | Snake:4  | Lost mutation: Your mind is acute. (Int +2) [mutagenic meat]
 22312 | Snake:4  | Lost mutation: You are weak. (Str -2) [mutagenic meat]
 22349 | Snake:4  | Got a serpentine rune of Zot
 23230 | Lair:4   | Got a shimmering ring mail
 23241 | Lair:4   | Identified the +4 ring mail of the Peculiar Moons {Int+4} (You found it on level 4 of the Lair of Beasts)
 23973 | Lair:5   | Got a crude large shield
 23984 | Lair:5   | Identified the +2 large shield of the Lion {Dex+4 SInv} (You found it on level 5 of the Lair of Beasts)
 24521 | Lair:6   | Entered Level 6 of the Lair of Beasts
 24716 | Lair:6   | Found a viscous altar of Jiyva.
 24716 | Lair:6   | Found a staircase to the Slime Pits.
 26212 | D:13     | Found a gate to the Vaults.
 26366 | D:13     | Gained mutation: You possess an exceptional clarity of mind. [mutagenic meat]
 26867 | D:14     | Noticed Rupert
 26896 | D:13     | Killed Rupert
 26896 | D:13     | Reached XP level 18. HP: 93/122 MP: 16/16
 27009 | D:14     | Found a radiant altar of Vehumet.
 27413 | D:14     | Found a runed gate.
 27413 | D:14     | Found a runed gate.
 27413 | D:14     | Found a runed gate.
 27560 | D:14     | Noticed Roxanne
 27582 | D:14     | Killed Roxanne
 27843 | D:14     | Identified Roxanne's Disquisition on the Rocks (You took it off Roxanne on level 14 of the Dungeon)
 28018 | D:14     | Found a runed gate.
 28018 | D:14     | Found a runed gate.
 28018 | D:14     | Found a runed gate.
 28333 | D:14     | Got a coiled pewter ring
 28335 | D:14     | Identified the ring "Odawolac" {rElec rPois rC+ rN++ Str-3} (You took it off a centaur warrior on level 14 of the Dungeon)
 28394 | D:14     | Got an ancient triple crossbow
 28400 | D:14     | Identified the +7 triple crossbow of Light {velocity, *Drain +Inv Int+4 Dex+2} (You found it on level 14 of the Dungeon)
 28410 | D:14     | Got a ripped robe
 28421 | D:14     | Identified the cursed +1 robe of the Thirteen Lives {MR+ Dex+5} (You found it on level 14 of the Dungeon)
 28484 | D:15     | Entered Level 15 of the Dungeon
 28613 | D:15     | Found a blossoming altar of Fedhas.
 28922 | D:15     | Noticed Josephine
 28935 | D:15     | Killed Josephine
 29103 | D:15     | Lost mutation: You have sharp toenails. [mutagenic meat]
 29128 | D:15     | Noticed a golden dragon
 29150 | D:15     | Noticed a quicksilver dragon
 29150 | D:15     | a stone giant changed into a quicksilver dragon
 29164 | D:15     | Killed a quicksilver dragon
 29171 | D:15     | Found a staircase to the Depths.
 29182 | D:15     | Gained mutation: You evolve. [mutagenic meat]
 29183 | D:15     | Lost mutation: You expend magic power (3 MP) to strengthen your wands. [mutagenic meat]
 29840 | Elf:1    | Entered Level 1 of the Elven Halls
 30477 | Elf:1    | Noticed an Ice Fiend
 30479 | Elf:1    | Reached XP level 19. HP: 130/130 MP: 17/17
 30484 | Elf:1    | Noticed a Brimstone Fiend
 30488 | Elf:1    | Noticed a Tzitzimitl
 31278 | Elf:2    | Found a deep blue altar of Sif Muna.
 31364 | Elf:2    | Found a runed gate.
 31364 | Elf:2    | Found a runed gate.
 31376 | Elf:2    | Found a runed gate.
 31993 | Elf:2    | Found Kiapp's Antique Weapon Emporium.
 32140 | Elf:3    | Entered Level 3 of the Elven Halls
 32300 | Elf:3    | Cast into level 2 of the Abyss (a deep elf sorcerer)
 32300 | Abyss:2  | Found a corrupted altar of Lugonu.
 32301 | Abyss:2  | Found an opulent altar of Gozag.
 32372 | Elf:3    | Escaped the Abyss
 32629 | Elf:3    | Lost mutation: Your magical capacity is low. (-10% MP) [evolution]
 32692 | Elf:3    | Noticed a Hell Sentinel
 32697 | Elf:3    | Gained mutation: You expend magic power (3 MP) to strengthen your wands. [a cacodemon]
 32698 | Elf:3    | Noticed a Hell Sentinel
 32700 | Elf:3    | Reached XP level 20. HP: 127/137 MP: 20/20
 33255 | Elf:3    | Got a slimy granite ring
 33262 | Elf:3    | Identified the Compendium of the Centipede
 33345 | Elf:3    | Identified the ring of Nuoffies {rElec rC+ Int+3 Stlth-} (You found it on level 3 of the Elven Halls)
 33372 | Elf:3    | Got an ichor-stained morningstar
 33373 | Elf:3    | Identified the cursed +1 morningstar "Moudafut" {flame, +Fly rPois Int+3} (You found it on level 3 of the Elven Halls)
 33451 | Elf:3    | Got a smoking great sword
 33844 | Shoals:1 | Entered Level 1 of the Shoals
 33967 | Shoals:1 | Noticed Kirke
 33978 | Shoals:1 | Killed Kirke
 34757 | Shoals:2 | Found Meotarosi's Food Emporium.
 36414 | Shoals:4 | Entered Level 4 of the Shoals
 36557 | Shoals:4 | Reached XP level 21. HP: 144/144 MP: 21/21
 36707 | Shoals:4 | Cast into level 3 of the Abyss (merfolk javelineer)
 36777 | Abyss:3  | Gained mutation: Scrolls take you a little longer to read. [a neqoxec]
 36990 | Abyss:3  | Got a transparent plate armour
 37001 | Abyss:3  | Identified the cursed +1 plate armour of Heesynto {-Cast rElec rPois Regen+} (You found it on level 3 of the Abyss)
 37089 | Shoals:4 | Escaped the Abyss
 37114 | Shoals:4 | Cast into level 2 of the Abyss (merfolk javelineer)
 37169 | Shoals:4 | Escaped the Abyss
 37357 | Shoals:4 | Found Azoor's Gadget Boutique.
 37359 | Shoals:4 | Noticed Ilsuiw
 37540 | Shoals:4 | Killed Ilsuiw
 37838 | Shoals:4 | Got a barnacled rune of Zot
 38247 | Slime:1  | Entered Level 1 of the Pits of Slime
 38282 | Lair:6   | Annihilated by a titanic slime creature

Skill      XL: |  1  2  3  4  5  6  7  8  9 10 11 12 13 14 15 16 17 18 19 20 21 |
---------------+----------------------------------------------------------------+-----
Dodging        | 1 |  1.1
Shields        | 4 5 7 8 9 10 12 13 14 15 16 17 18 19 20 | 20.0
Armour         | 4 5 7 8 9 11 12 13 14 15 16 17 18 19 20 | 20.1
Maces & Flails | 3 4 5 6 8 11 12 14 15 16 17 18 19 | 19.9
Fighting       | 4 5 6 8 9 10 11 12 14 15 16 17 18 19 20 | 20.0

Action                   |  1- 3 |  4- 6 |  7- 9 | 10-12 | 13-15 | 16-18 | 19-21 || total
-------------------------+-------+-------+-------+-------+-------+-------+-------++-------
Melee: Flail             |   114 |   367 |   134 |       |       |       |       ||   615
       Morningstar       |       |       |   474 |  1101 |  1667 |  1988 |  1752 ||  6982
 Abil: Fly               |       |       |       |       |       |       |     1 ||     1
Evoke: Wand              |       |       |       |       |       |     1 |       ||     1
  Use: Scroll            |       |     6 |     3 |    15 |    11 |    13 |     9 ||    57
       Potion            |       |     1 |     1 |     4 |    12 |       |     7 ||    25
 Stab: Invisible         |       |       |       |       |     3 |       |       ||     3
       Petrified         |       |       |       |       |       |     2 |       ||     2
       Distracted        |       |       |       |       |       |     1 |       ||     1
  Eat: Chunk             |     1 |     8 |     8 |    19 |    23 |    40 |    22 ||   121
       Bread ration      |       |       |     1 |     1 |     2 |     2 |     1 ||     7
Armor: Scale mail        |    80 |   238 |    23 |       |       |       |       ||   341
       Chain mail        |       |       |   325 |   717 |   364 |       |       ||  1406
       Plate armour      |       |       |       |       |   561 |   770 |   921 ||  2252
Dodge: Dodged            |    76 |   119 |   140 |   416 |   378 |   205 |   277 ||  1611
Block: Shield            |    87 |   199 |   359 |   895 |   563 |       |       ||  2103
       Large shield      |       |       |       |       |  1457 |  2409 |  2514 ||  6380
